AoeStats
← YULONG

Arena

510413387Analyzed
3v3 RM · 2d ago on Sep 30, 2026· 42m 41s· 6 players
Game mode
Random Map
Map size
Normal (6 player)
Population
200
Speed
Normal
Resources
Standard
Victory
Conquest
Starting age
Dark Age
Ending age
Imperial Age
RankedLock teamsTeams togetherTeam positionsShared explorationLock speedFull tech treeHidden civsTurbo modeCheats
Victory
Defeat
🇨🇱 Mongols · Chile
1004
+17
🇦🇷 Maya · Argentina
964
+19
🇨🇭 Chinese · Switzerland
947
+20
🇩🇪 Bohemians · Germany
1064
-21
🇨🇦 Inca · Canada
1019
-18
🇨🇳 Britons · China
1000
-51
Bako
10:04 Feudal Age
16:13 Castle Age
14:31 Double-Bit Axe
16:28 Stone Mining
17:19 Horse Collar
18:05 Bow Saw
23:42 Fletching
23:53 Padded Archer Armor
25:08 Heavy Plow
25:42 Squires
25:27 Arson
27:39 Gold Mining
30:24 Forging
30:15 Scale Mail Armor
30:21 Scale Barding Armor
30:13 Bodkin Arrow
35:33 Imperial Age
33:39 Wheelbarrow
34:58 Gold Shaft Mining
36:36 Conscription
37:06 Iron Casting
36:52 Caravan
38:18 Ballistics
40:37 Heavy Rocket Cart
41:20 Elite Fire Lancer
canaed
11:19 Feudal Age
11:26 Loom
15:13 Castle Age
13:25 Double-Bit Axe
17:08 Fletching
21:43 Stone Mining
21:55 Bodkin Arrow
32:03 Imperial Age
30:52 Bow Saw
30:25 Horse Collar
32:42 Heavy Plow
34:11 Gold Mining
34:48 Conscription
37:28 Gold Shaft Mining
39:58 Wheelbarrow
41:19 Stone Shaft Mining
41:29 Drill
41:13 Bracer
41:11 Capped Ram
42:26 Padded Archer Armor
42:22 Siege Ram
Chelo Salas
5:14 Loom
10:56 Feudal Age
11:46 Double-Bit Axe
16:36 Castle Age
15:58 Horse Collar
17:53 Bow Saw
18:46 Forging
27:45 Imperial Age
25:49 Eagle Warrior
28:30 Elite Eagle Warrior
30:14 Wheelbarrow
30:03 Scale Mail Armor
31:24 Conscription
31:51 Iron Casting
31:33 Squires
32:42 Town Watch
36:23 Arson
38:05 Gold Mining
38:31 Hand Cart
38:17 Town Patrol
39:19 Chain Mail Armor
40:16 Blast Furnace
41:28 Holcans
Bifbatz
11:27 Feudal Age
9:43 Loom
15:32 Castle Age
13:31 Horse Collar
14:07 Double-Bit Axe
18:33 Wheelbarrow
19:15 Bow Saw
21:44 Town Watch
23:54 Heavy Plow
28:14 Imperial Age
27:52 Chemistry
27:16 Fletching
28:44 Wagenburg Tactics
29:50 Arson
30:05 Squires
30:23 Forging
30:13 Scale Mail Armor
32:08 Bodkin Arrow
32:13 Padded Archer Armor
34:10 Two-Man Saw
34:03 Conscription
34:25 Elite Skirmisher
35:07 Crossbowman
36:12 Fortified Wall
36:23 Ballistics
36:09 Siege Engineers
36:53 Bracer
37:08 Leather Archer Armor
37:29 Iron Casting
37:09 Chain Mail Armor
36:59 Scale Barding Armor
37:08 Pikeman
38:36 Hand Cart
hubert.onraet
11:27 Feudal Age
12:44 Double-Bit Axe
15:47 Castle Age
14:24 Stone Mining
14:17 Horse Collar
16:41 Bow Saw
16:32 Heavy Plow
16:26 Loom
18:55 Scale Mail Armor
18:47 Fletching
25:10 Gold Mining
26:00 Chain Mail Armor
27:00 Bodkin Arrow
YULONG
14:34 Feudal Age
14:35 Loom
18:01 Wheelbarrow
20:21 Arson
Connection lost

Rejoining the realm…

Still unreachable

The connection could not be restored.

Session expired

The server has moved on; the page needs a fresh start.